 Dungeon Crawl Stone Soup version 0.18-a0-1291-g395b48e (webtiles) character file.

97 Enroth the Covered (level 4, 0/35 HPs)
             Began as a Demonspawn Fighter on Feb 9, 2016.
             Slain by a goblin
             ... wielding a +0 club
             ... led by Robin
              (2 damage)
             ... on level 2 of the Dungeon.
             The game lasted 00:06:50 (1796 turns).

Enroth the Covered (Demonspawn Fighter)             Turns: 1796, Time: 00:06:50

Health: 0/35       AC: 13    Str: 16    XL:     4   Next: 42%
Magic:  13/13      EV:  5    Int: 11    God:
Gold:   94         SH:  9    Dex: 12    Spells: 0 memorised, 3 levels left

rFire  + . .     SeeInvis .     a - +0 war axe
rCold  + + .     Gourm    .     l - +2 chain mail {rC+}
rNeg   . . .     Faith    .     c - +0 shield
rPois  +         Spirit   .     g - +1 hat
rElec  +         Dismiss  .     (no cloak)
rCorr  +         Reflect  .     j - +0 pair of gloves
SustAt +         Harm     .     (no boots)
MR     .....                    (no amulet)
Stlth  ..........               d - ring of sustain attributes
                                b - ring of magical power

@: about to teleport, resistant, not resistant to hostile enchantments,
extremely unstealthy
A: sturdy frame 1
a: no special abilities


You were on level 2 of the Dungeon.
You were not hungry.

You visited 1 branch of the dungeon, and saw 2 of its levels.

You collected 94 gold pieces.

Inventory:

Hand Weapons
 a - a +0 war axe (weapon)
Armour
 c - a +0 shield (worn)
 g - a +1 hat (worn)
 j - a +0 pair of gloves (worn)
 l - a +2 chain mail of cold resistance (worn)
Jewellery
 b - a ring of magical power (left hand)
 d - a ring of sustain attributes (right hand)
 o - an uncursed ring of wizardry
Scrolls
 i - a scroll of enchant armour
 k - a scroll of remove curse
Comestibles
 f - a bread ration
 h - a royal jelly
 p - a meat ration


   Skills:
 + Level 3.2 Fighting
 + Level 2.5 Axes
 + Level 3.5 Armour
 + Level 0.8 Dodging
 + Level 0.2 Stealth
 + Level 3.3 Shields


You had 3 spell levels left.
You didn't know any spells.

Dungeon Overview and Level Annotations

Branches:
Dungeon (2/15)

Altars:
Cheibriados
Pakellas
Ru

Annotations:
D:2 Robin


Innate Abilities, Weirdness & Mutations

Your movements are slightly less encumbered by armour (ER -2).


Message History

You block Robin's attack. You block the goblin's attack.
The goblin hits you but does no damage.
The hobgoblin hits you but does no damage. x2
Read which item? (? for menu, Esc to quit)
As you read the scroll labeled FELUNU AN QUKA, it crumbles to dust.
You feel aware of your surroundings.
It was a scroll of magic mapping.
Robin completely misses you. The goblin hits you but does no damage.
You block the goblin's attack.
Robin roars a battlecry!
The goblin goes into a battle-frenzy!
Robin hits you but does no damage.
Read which item? (? for menu, Esc to quit)
As you read the scroll labeled NUMNYE ZODE, it crumbles to dust.
You feel strangely unstable.
It was a scroll of teleportation.
You block the hobgoblin's attack.
The hobgoblin hits you but does no damage.
The goblin hits you but does no damage. Robin barely misses you.
The goblin hits you but does no damage. The goblin hits you with a club.
You die...

.≈≈..#,..#.....#...#
.≈≈..#,,,#...(.#...#
#≈≈..#*'##.....##'##
*≈≈...#........(...#
*≈≈...#............#
*≈≈...##########.).#
*≈≈**#**.......#g..#
*≈≈*,,,+......ggg..#
*≈≈*,,,*......)g@..#
********############


You could see Robin, 2 hobgoblins and 2 goblins.

Vanquished Creatures
  4 adders (D:2)
  An ooze (D:2)
  2 giant geckos
  2 giant cockroaches (D:2)
  9 goblins
  10 hobgoblins
  2 jackals (D:2)
  A quokka (D:2)
  A ball python (D:1)
  8 bats
  A giant newt (D:2)
  8 kobolds
  5 rats
54 creatures vanquished.

Notes
Turn   | Place    | Note
--------------------------------------------------------------
     0 | D:1      | Enroth the Demonspawn Fighter began the quest for the Orb.
     0 | D:1      | Reached XP level 1. HP: 18/18 MP: 1/1
   195 | D:1      | Gained mutation: Your movements are slightly less encumbered by armour (ER -2). [demonic ancestry]
   195 | D:1      | Reached XP level 2. HP: 13/24 MP: 2/2
   709 | D:2      | Reached XP level 3. HP: 29/29 MP: 3/3
   947 | D:2      | Found a snail-covered altar of Cheibriados.
   948 | D:2      | Found a sacrificial altar of Ru.
  1313 | D:2      | Found an oddly glowing altar of Pakellas.
  1523 | D:2      | Reached XP level 4. HP: 33/35 MP: 4/4
  1784 | D:2      | Noticed Robin
  1791 | D:2      | HP: 1/35 [goblin/club[Robin] (2)]
  1796 | D:2      | Slain by a goblin

Vault maps used:
D:1:      minmay_arrival_checkered_box, minmay_misc_feat_roman
D:2:      kennysheep_goblin_castle, gammafunk_temple_overflow_pools,
          lemuel_crystal_altar

Action                   |  1- 3 |  4- 6 || total
-------------------------+-------+-------++-------
Melee: War axe           |   139 |    33 ||   172
  Use: Potion            |     5 |     1 ||     6
       Scroll            |       |     4 ||     4
  Eat: Chunk             |     2 |     1 ||     3
